Map: Triton LE

Players

Clem - Winner!

  • Race: Terran Terran
  • Spawn Location: 5:00

Harstem

  • Race: Protoss Protoss
  • Spawn Location: 11:00

VOD

Have the link to the VOD?

Description

Time

  • Played on: Sept. 7, 2019, 1:36 p.m.
  • Length: 14:15
Show
View Real Time Build Order
Export as new Build Order

Clem Terran - Winner!

Build Orders: Reaper Expand 

Get SALT Encoding   

  12  0:00  SCV  
  13  0:13  SCV  
  14  0:17  Supply Depot  
  14  0:25  SCV  
  15  0:38  SCV  
  15  0:39  Barracks  
  16  0:43  Refinery  
  16  0:50  SCV  
  17  1:02  SCV  
  18  1:14  SCV  
  19  1:26  Reaper  
  19  1:27  Orbital Command  
  20  1:39  Command Center  
  20  1:49  Supply Depot  
  20  1:52  SCV  
  21  1:58  Marine  
  22  2:06  Factory  
  22  2:09  SCV  
  23  2:19  Refinery  
  23  2:20  Barracks Reactor  
  23  2:21  SCV  
  24  2:33  SCV  
  25  2:46  SCV  
  25  2:51  Orbital Command  
  26  2:52  Starport  
  26  2:56  Widow Mine, Marine  
  26  2:57  Marine  
  31  2:58  SCV  
  31  3:10  SCV  
  31  3:11  Barracks  
  32  3:17  Widow Mine, Supply Depot, SCV  
  35  3:22  Marine x2  
  35  3:25  SCV  
  38  3:30  Medivac  
  38  3:31  SCV  
  41  3:37  Engineering Bay  
  41  3:38  SCV  
  41  3:41  Factory Tech Lab  
  42  3:42  Marine  
  42  3:44  Marine  
  42  3:47  SCV  
  45  3:52  Supply Depot  
  45  3:56  SCV  
  45  3:59  SCV  
  47  4:06  Terran Infantry Weapons Level 1  
  47  4:08  Stimpack, SCV  
  47  4:09  Marauder  
  50  4:10  Marine  
  50  4:11  Marine  
  50  4:16  Supply Depot, SCV  
  52  4:25  Bunker  
  52  4:29  Refinery  
  52  4:30  Missile Turret  
  52  4:31  Marauder  
  54  4:33  Marine  
  54  4:35  Marine  
  54  4:36  SCV  
  56  4:41  Missile Turret  
  56  4:47  Starport Reactor  
  56  4:48  SCV  
  56  4:52  Factory Reactor  
  57  4:54  Marine x2  
  57  4:55  Marauder  
  61  5:03  SCV  
  61  5:04  Supply Depot, SCV  
  63  5:14  Marine x2  
  63  5:15  SCV  
  63  5:16  Supply Depot  
  63  5:17  Marauder  
  68  5:23  SCV  
  68  5:25  Medivac  
  68  5:27  Medivac  
  68  5:28  SCV  
  74  5:33  Barracks  
  74  5:35  SCV  
  75  5:37  Widow Mine  
  75  5:39  Widow Mine  
  75  5:42  Marine x2  
  81  5:46  Marauder  
  81  5:49  Supply Depot  
  83  5:53  Combat Shield  
  83  5:54  SCV x2  
  85  6:03  Widow Mine  
  86  6:08  Terran Infantry Armor Level 1, Refinery  
  86  6:11  Widow Mine, Medivac, SCV x2  
  92  6:14  Marauder  
  90  6:22  Marine x2  
  90  6:23  SCV  
  91  6:27  SCV  
  85  6:32  Barracks Tech Lab  
  85  6:33  Widow Mine  
  85  6:34  Medivac  
  85  6:36  Marauder  
  85  6:38  Widow Mine  
  91  6:46  Marine x2  
  85  6:51  SCV  
  85  6:53  SCV  
  87  6:55  Command Center  
  87  6:58  Medivac  
  87  7:01  Marine  
  90  7:02  Marauder  
  90  7:03  Concussive Shells  
  90  7:06  Marine x2  
  90  7:08  SCV  
  94  7:10  SCV  
  92  7:19  Supply Depot, Barracks, Marauder  
  92  7:20  Barracks  
  93  7:34  SCV  
  93  7:37  SCV  
  94  7:40  Marine x2  
  94  7:41  Widow Mine x2, Marauder  
  94  7:43  Supply Depot  
  102  7:47  Liberator x2  
  102  7:51  SCV  
  102  7:53  Missile Turret  
  102  7:59  Supply Depot x2  
  102  8:05  Marauder  
  110  8:08  Marine  
  110  8:10  Marine  
  110  8:12  Widow Mine x2  
  110  8:14  Barracks Tech Lab, Barracks Reactor  
  110  8:17  Marauder  
  110  8:19  SCV x2  
  110  8:21  Orbital Command  
  110  8:29  Armory  
  110  8:30  Engineering Bay  
  110  8:31  SCV  
  110  8:32  Marine x2  
  113  8:39  Marauder x2  
  113  8:41  SCV  
  118  8:43  Widow Mine  
  118  8:44  Widow Mine  
  118  8:46  SCV  
  125  8:48  Marauder  
  125  8:53  SCV  
  125  8:54  Supply Depot  
  126  8:56  Liberator  
  126  8:57  Marine x2  
  126  8:58  Marine  
  126  8:59  SCV  
  126  9:02  Marine x2  
  129  9:05  SCV  
  129  9:09  Widow Mine x2  
  125  9:14  Marauder  
  123  9:17  SCV x2  
  123  9:22  SCV  
  123  9:24  Marine x3  
  123  9:28  Marauder  
  123  9:29  SCV  
  126  9:35  Terran Infantry Armor Level 2, Terran Infantry Weapons Level 2  
  126  9:40  Liberator, Refinery, SCV  
  127  9:47  Ghost Academy, Marine x4  
  127  9:49  Marauder  
  127  9:50  SCV  
  134  9:55  Widow Mine  
  134  9:56  Widow Mine  
  141  10:02  Supply Depot, Marauder  
  141  10:03  Marauder  
  145  10:07  Refinery  
  145  10:09  Marine x2  
  145  10:13  Marine  
  147  10:17  Widow Mine  
  147  10:20  Marine  
  145  10:24  Marauder  
  145  10:26  SCV x2  
  144  10:31  Marine x2  
  144  10:34  Widow Mine  
  144  10:35  Marauder  
  147  10:37  Enhanced Shockwaves, SCV  
  147  10:38  Widow Mine, Ghost  
  150  10:43  Supply Depot x2  
  150  10:44  Ghost, Marine x2  
  150  10:47  Liberator  
  150  10:48  SCV x2  
  150  10:49  SCV  
  156  11:00  SCV  
  156  11:04  Ghost, SCV x2  
  157  11:06  Supply Depot  
  157  11:09  Marine x4  
  168  11:12  SCV  
  168  11:16  SCV  
  162  11:21  Marauder  
  159  11:26  Widow Mine, SCV  
  159  11:27  Widow Mine, Marauder, Marine  
  159  11:28  SCV  
  159  11:31  SCV  
  159  11:32  Ghost  
  163  11:38  Marine x3  
  163  11:39  SCV  
  148  11:40  SCV  
  148  11:42  Marine  
  148  11:43  SCV  
  133  11:47  Marine  
  133  11:49  Marauder  
  127  11:55  Widow Mine x2  
  127  12:00  Medivac x2  
  136  12:01  Marine  
  136  12:02  Marine x3  
  136  12:04  Marauder  
  126  12:16  Liberator  
  126  12:20  Command Center  
  126  12:22  Marine x5  
  126  12:23  Widow Mine x2  
  126  12:25  Marauder x2  
  139  12:40  Marine x4  
  139  12:42  Liberator  
  139  12:44  Marauder  
  144  12:47  Marauder  
  144  12:48  Marauder  
  148  12:52  Widow Mine  
  148  12:58  Widow Mine, Marine x2  
  147  13:00  Starport  
  147  13:02  Marine x2  
  147  13:05  Marauder  
  154  13:08  Marauder  
  154  13:09  Marauder  
  155  13:15  Marine  
  156  13:23  Viking  
  156  13:24  Supply Depot  
  156  13:26  Marauder  
  160  13:27  Marine x3  
  160  13:32  Marauder  
  165  13:38  Marine  
  165  13:39  Marauder  
  163  13:48  Marauder  
  157  13:52  Marine x3  
  157  13:53  Marine  
  153  13:57  Marine  
Show
View Real Time Build Order
Export as new Build Order

Harstem Protoss 

Build Orders: 1 Gate Expand, Chargelot Immortal, Dark Templar Rush 

Get SALT Encoding   

  12  0:00  Probe  
  13  0:12  Probe  
  14  0:18  Pylon  
  14  0:24  Probe  
  15  0:29  Assimilator  
  15  0:33  Probe  
  15  0:41  Probe  
  16  0:46  Gateway  
  17  0:50  Probe  
  18  1:02  Probe  
  19  1:15  Probe  
  20  1:21  Nexus  
  20  1:32  Cybernetics Core  
  20  1:34  Probe  
  21  1:42  Assimilator  
  21  1:46  Probe  
  22  1:48  Pylon  
  22  1:58  Probe  
  22  1:59  Adept  
  23  2:10  Warp Gate, Probe  
  23  2:13  Twilight Council  
  26  2:22  Probe  
  27  2:29  Stalker  
  29  2:31  Pylon  
  29  2:32  Probe  
  29  2:35  Probe  
  30  2:40  Probe  
  30  2:43  Probe  
  33  2:52  Probe  
  33  2:53  Dark Shrine  
  33  2:56  Probe  
  35  3:04  Probe  
  36  3:08  Probe  
  37  3:16  Gateway, Probe  
  38  3:20  Robotics Facility  
  38  3:24  Probe  
  39  3:28  Probe  
  40  3:36  Probe  
  40  3:40  Probe  
  40  3:41  Shield Battery, Pylon  
  43  3:48  Probe  
  43  3:53  Probe  
  44  4:00  Probe  
  44  4:01  Assimilator  
  45  4:05  Probe  
  45  4:08  Dark Templar  
  48  4:10  Blink  
  48  4:11  Dark Templar  
  48  4:12  Probe  
  48  4:13  Observer  
  52  4:17  Probe  
  52  4:18  Nexus  
  52  4:22  Pylon  
  53  4:24  Probe  
  53  4:28  Forge  
  53  4:29  Probe  
  53  4:37  Probe  
  52  4:41  Probe  
  52  4:44  Gateway  
  53  4:49  Probe  
  53  4:50  Stalker  
  53  4:52  Warp Prism  
  56  4:53  Protoss Ground Armor Level 1  
  55  5:07  Probe x2  
  57  5:17  Stalker x2  
  57  5:19  Probe  
  62  5:22  Probe  
  62  5:27  Immortal  
  63  5:32  Probe  
  63  5:33  Gateway  
  63  5:34  Gateway  
  68  5:44  Probe x2  
  70  5:53  Dark Templar  
  70  5:54  Zealot, Stalker  
  78  5:57  Pylon  
  78  5:59  Shield Battery  
  78  6:00  Shield Battery  
  77  6:09  Pylon  
  76  6:12  Gateway  
  76  6:21  Stalker x2  
  74  6:28  Zealot x2  
  74  6:32  Dark Templar  
  71  6:36  Probe  
  71  6:38  Probe x2  
  72  6:45  Probe  
  72  6:47  Immortal  
  72  6:50  Probe x2  
  72  6:51  Zealot x3  
  72  6:53  Probe  
  86  7:01  Pylon  
  86  7:02  Probe, Assimilator  
  87  7:11  Charge  
  87  7:14  Probe x2  
  87  7:15  Probe  
  86  7:17  Immortal  
  86  7:18  Assimilator  
  86  7:24  Protoss Ground Weapons Level 1  
  86  7:26  Probe  
  86  7:28  Zealot x6  
  103  7:35  Observer  
  103  7:38  Pylon  
  103  7:43  Gateway  
  101  7:44  Gateway  
  101  7:54  Zealot x2, Sentry  
  101  7:55  Stalker  
  101  7:58  Immortal  
  109  8:04  Stalker  
  109  8:05  Pylon, Stalker  
  105  8:11  Probe x2  
  105  8:14  Forge  
  105  8:17  Pylon  
  95  8:22  Probe  
  95  8:24  Zealot x3, Robotics Bay  
  102  8:27  Warp Prism  
  102  8:29  Pylon  
  102  8:30  Dark Templar  
  104  8:36  Zealot x2  
  111  8:41  Probe  
  111  8:46  Pylon, Zealot x4  
  117  8:52  Stalker  
  119  8:58  Zealot x2  
  123  9:05  Disruptor  
  123  9:07  Probe  
  118  9:10  Stalker x3  
  118  9:12  Zealot  
  107  9:26  Sentry  
  107  9:27  Dark Templar  
  107  9:29  Zealot x2  
  107  9:30  Probe x3  
  114  9:31  Disruptor  
  114  9:32  Photon Cannon  
  114  9:33  Protoss Ground Armor Level 2  
  114  9:36  Zealot x2  
  121  9:57  Dark Templar  
  121  9:58  Colossus  
  121  9:59  Nexus  
  119  10:03  Zealot x3  
  119  10:04  Zealot  
  119  10:06  Zealot, Sentry  
  129  10:25  Zealot x2  
  129  10:26  Zealot x2  
  137  10:30  Extended Thermal Lance  
  137  10:35  Zealot x4  
  137  10:39  Probe  
  136  10:43  Probe  
  136  10:49  Assimilator  
  137  10:54  Pylon  
  137  10:55  Protoss Ground Weapons Level 2  
  137  11:03  Colossus  
  137  11:04  Pylon  
  141  11:12  Zealot x4  
  137  11:19  Stalker x2  
  135  11:32  Dark Templar  
  119  11:41  Colossus, Zealot x2  
  119  11:42  Zealot x3  
  119  11:46  Zealot x2  
  107  11:51  Probe  
  94  11:57  Probe  
  100  12:01  Stalker  
  100  12:02  Stalker x3  
  107  12:09  Zealot x3  
  107  12:13  Probe x2  
  112  12:15  Probe  
  112  12:17  Probe  
  111  12:28  Sentry x2, Stalker  
  117  12:30  Probe  
  117  12:35  Probe  
  118  12:39  Dark Templar  
  118  12:41  Stalker x3  
  122  12:46  Stalker  
  113  12:58  Stalker x3  
  113  13:00  Probe  
  113  13:01  Probe  
  113  13:04  Observer  
  113  13:05  Stalker x3  
  125  13:19  Dark Templar  
  127  13:27  Sentry, Stalker  
  129  13:36  Nexus  
  124  13:47  Zealot x5  
  99  13:56  Dark Templar x3  
  91  14:07  Stalker x5  
Tags
 
Add a new tag
Caveats
  • Supply blocks, unpowered buildings, or Contaminate may cause inaccurate times.
  • Supply counts are checked every 10 seconds.